 Dungeon Crawl Stone Soup version 0.29.1-2-gbd0b4ee654 (webtiles) character file.

Game seed: 704094585306586652

231 LustLizard the Shooter (level 6, 0/37 HPs)
             Began as a Tengu Hunter on Oct 26, 2022.
             Slain by a hornet (6 damage)
             ... on level 4 of the Dungeon.
             The game lasted 00:04:35 (2951 turns).

LustLizard the Shooter (Tengu Hunter)               Turns: 2951, Time: 00:04:36

Health: 0/37       AC:  4    Str: 11    XL:     6   Next: 4%
Magic:  2/2        EV: 14    Int: 13    God:
Gold:   252        SH:  0    Dex: 19    Spells: 5/5 levels left

rFire   . . .      SeeInvis .   l - +7 mace of Pride {antimagic, rPois Int+3}
rCold   . . .      Faith    .   (no shield)
rNeg    . . .      Spirit   .   c - +0 leather armour
rPois   +          Reflect  .   h - +0 hat
rElec   .          Harm     .   j - +0 cloak
rCorr   .          Rampage  .   (no gloves)
Will    .....                   (boots unavailable)
Stlth   ++........              g - amulet of regeneration
HPRegen 0.92/turn               (no ring)
MPRegen 0.08/turn               (no ring)

@: flying quickly and evasively, quick
A: beak, talons 3, nimble flight
a: no special abilities


You were on level 4 of the Dungeon.
You visited 1 branch of the dungeon, and saw 4 of its levels.

You collected 252 gold pieces.

Inventory:

Hand Weapons
 a - a +0 shortbow
 l - the +7 mace of Pride (weapon) {antimagic, rPois Int+3}
   (You found it on level 2 of the Dungeon)

   It reduces the magical energy of the wielder, and disrupts the spells and
   magical abilities of those it strikes.
   Natural abilities and divine invocations are not affected.
   Int:       It affects your intelligence (+3).
   rPois:     It protects you from poison.
Armour
 c - a +0 leather armour (worn)
 h - a +0 hat (worn)
 j - a +0 cloak (worn)
Jewellery
 g - an amulet of regeneration (around neck)
 s - a ring of see invisible
Scrolls
 b - a scroll of immolation
 e - 5 scrolls of identify
 f - 2 scrolls of teleportation {unknown}
 r - 2 scrolls of fear {unknown}
 t - a scroll of magic mapping
Potions
 d - a potion of brilliance {unknown}
 i - a potion of mutation {unknown}
 k - 2 potions of heal wounds {unknown}
 m - a potion of degeneration {unknown}
 n - 4 potions of lignification {unknown}
 o - a potion of might {unknown}
 p - a potion of invisibility {unknown}
 q - a potion of attraction {unknown}


   Skills:
 + Level 3.4 Fighting
 * Level 6.3 Ranged Weapons
 - Level 2.1 Dodging
 + Level 3.1 Stealth


You had 5 spell levels left.
You didn't know any spells.
Your spell library contained the following spells:

 Spells                   Type           Power      Damage    Failure   Level
 Conjure Flame            Conj/Fire      0%         6-21      77%         3
 Ignite Poison            Fire/Tmut/Pois 0%         N/A       77%         3
 Sticky Flame             Conj/Fire      0%         2d3       99%         4


Dungeon Overview and Level Annotations

Branches:
Dungeon (4/15)
 Temple: D:4-7

Altars:
Qazlal


Innate Abilities, Weirdness & Mutations

You have a beak for a mouth.
You have claws for feet.
Your magical nature lets you fly swiftly and evasively.


Message History

The hornet buzzes angrily.
The arrow hits the hobgoblin.
The hobgoblin is moderately wounded.
A goblin comes into view. It is wielding a +0 club.
As you read the scroll labelled NAEFORPHANA, it crumbles to dust.
It is a scroll of identify.
t - a scroll of magic mapping
Okay, then.
Okay, then.
Press: ? - help, v - describe, . - travel
Here: a hornet The floor.
You feel clever.
You feel magic leave you.
l - the +7 mace of Pride (weapon)
{antimagic, rPois Int+3}
Okay, then.
You hit the hornet. You claw the hornet!
The hornet is moderately wounded.
The hornet barely misses you. The hornet stings you.
You feel yourself slow down.
You closely miss the hornet.
The hornet is moderately wounded.
The hornet stings you.
You feel as though you will be slow longer.
The hornet stings you! The hornet closely misses you.
You thump the hornet! Your kick misses the hornet.
The hornet is severely wounded.
The hornet barely misses you. The hornet completely misses you.
The hornet closely misses you.
You hit the hornet but do no damage. Your kick misses the hornet.
The hornet is heavily wounded.
You feel yourself speed up. The hornet stings you!
The hornet closely misses you. The hornet stings you!
* * * LOW HITPOINT WARNING * * *
You feel yourself slow down.
You hit the hornet. Your kick misses the hornet. Your peck misses the hornet.
The hornet is severely wounded.
You feel yourself speed up. The hornet stings you.
You die...

#.##.# #....#
#..######### #
###..........#####
#...##........##..
#g###..........#<.
#g# #............#
#y# #...........##
#@# #...........##
#.# #..........(..
#.# ##........####
#.# #..........###
#.# #.............
#.# #.............
#.# #...........##
#.# #...........##
#.# ##..........##


You could see a hornet, a hobgoblin and a goblin.

Vanquished Creatures
  A phantom (D:3)
  Jessica (D:2)
  A scorpion zombie (D:3)
  An iguana (D:4)
  A howler monkey skeleton (D:3)
  3 adders
  2 dart slugs
  3 ball pythons
  6 endoplasms
  2 giant cockroaches (D:2)
  2 goblins
  3 hobgoblins
  6 kobolds
  3 quokkas
  4 bats
  3 frilled lizards
  5 rats
47 creatures vanquished.

Vanquished Creatures (others)
  A withered plant (D:3)
1 creature vanquished.

Grand Total: 48 creatures vanquished

Notes
Turn   | Place    | Note
-------+----------+-------------------------------------------
     0 | D:1      | LustLizard the Tengu Hunter began the quest for the Orb.
     0 | D:1      | Reached XP level 1. HP: 12/12 MP: 2/2
   545 | D:1      | Reached XP level 2. HP: 14/17 MP: 3/3
  1308 | D:2      | Identified the +7 mace of Pride {antimagic, rPois Int+3}
  1388 | D:2      | Noticed Jessica
  1389 | D:2      | Killed Jessica
  1390 | D:2      | Reached skill level 5 in Ranged Weapons
  1390 | D:2      | Reached XP level 3. HP: 22/22 MP: 4/4
  1559 | D:2      | Reached XP level 4. HP: 27/27 MP: 5/5
  1559 | D:2      | Found a faded altar of an unknown god.
  1924 | D:3      | Found a stormy altar of Qazlal.
  2084 | D:3      | Gained mutation: Your magical nature lets you fly swiftly
                  | and evasively. [Tengu growth]
  2084 | D:3      | Reached XP level 5. HP: 32/32 MP: 6/6
  2739 | D:4      | Noticed a phantom
  2757 | D:3      | Killed a phantom
  2758 | D:3      | Reached skill level 6 in Ranged Weapons
  2837 | D:4      | Reached XP level 6. HP: 37/37 MP: 7/7
  2937 | D:4      | Noticed a hornet
  2951 | D:4      | Slain by a hornet

Illustrated notes

Levels and vault maps discovered:
D:1:      kilobyte_arrival_exit_the_forest, layout_loops_ring,
          grunt_decor_arrowhead
D:2:      layout_basic, chequers_ecumenical_altar_island, uniq_jessica
D:3:      layout_loops_corners, overflow_temple_1_default, serial_undead,
          serial_undead_e, serial_undead_b, serial_undead_d, serial_undead_b
D:4:      layout_rooms, nrook_mini_vaults

Skill      XL: |  1  2  3  4  5 |
---------------+----------------+-----
Ranged Weapons | 5 6 |  6.3
Stealth        | 2 3 |  3.1
Fighting       | 3 |  3.4
Dodging        | |  2.1

Action                   |  1- 3 |  4- 6 || total
-------------------------+-------+-------++-------
Melee: Mace              |       |     5 ||     5
       Kick              |       |     1 ||     1
 Fire: Shortbow          |    68 |    71 ||   139
  Use: Scroll            |       |     1 ||     1
Armor: Leather armour    |     7 |     3 ||    10
Dodge: Dodged            |    26 |    20 ||    46
